 Dungeon Crawl Stone Soup version 0.31-a0-672-g7da72447bb (webtiles) character file.

Game seed: 17238797231004370547

49 rvierbuc the Trooper (level 3, -2/29 HPs)
             Began as a Demonspawn Cinder Acolyte on Sept 5, 2023.
             Was a High Priest of Ignis.
             Slain by Natasha (6 damage)
             ... on level 2 of the Dungeon.
             The game lasted 00:04:47 (1235 turns).

rvierbuc the Trooper (Demonspawn Cinder Acolyte)    Turns: 1235, Time: 00:04:47

Health: -2/29      AC:  2    Str: 16    XL:     3   Next: 53%
Magic:  3/5        EV: 11    Int: 15    God:    Ignis [*****.]
Gold:   73         SH:  0    Dex:  8    Spells: 2/5 levels left

rFire   + . .        a - -1 spear (flame)
rCold   . . .        (no shield)
rNeg    . . .        b - +0 robe
rPois   .            (helmet restricted)
rElec   .            (no cloak)
rCorr   .            (no gloves)
SInv    .            (no boots)
Will    .....        (no amulet)
Stlth   +            (no ring)
HPRegen 0.24/turn    (no ring)
MPRegen 0.09/turn

%: no passive effects
@: no status effects
A: antennae 1, ignite blood 1
a: Renounce Religion, Fiery Armour, Foxfire Swarm, Rising Flame


You were on level 2 of the Dungeon.
You worshipped Ignis.
Ignis was extremely pleased with you.
You visited 1 branch of the dungeon, and saw 2 of its levels.

You collected 73 gold pieces.

Inventory:

Hand Weapons
 a - a -1 spear of flaming (weapon)
 c - a +6 short sword
Armour
 b - a +0 robe (worn)
Scrolls
 e - a scroll of fear {unknown}
 f - a scroll of revelation {unknown}
 g - a scroll of fog {unknown}
Potions
 d - 3 potions of lignification {unknown}


   Skills:
 + Level 3.4 Fighting
 + Level 3.1 Polearms
 + Level 1.7 Spellcasting
 + Level 3.1 Fire Magic


You had 2 spell levels left.
You knew the following spells:

 Your Spells              Type           Power      Damage    Failure   Level
a - Scorch                Fire           20%        2d5       10%         2
b - Foxfire               Conj/Fire      24%        2x1d5     12%         1

Your spell library contained the following spells:

 Spells                   Type           Power      Damage    Failure   Level
 Plasma Beam              Fire/Air       3%         2x1d13    100%        6
 Starburst                Conj/Fire      3%         6d3       100%        6


Dungeon Overview and Level Annotations

Branches:
Dungeon (2/15)

Altars:

Annotations:
D:2 Natasha


Innate Abilities, Weirdness & Mutations

You have a pair of small antennae on your head.
Your demonic aura sometimes causes spilled blood to erupt in flames.


Message History

You hit Natasha. You burn Natasha.
Natasha is lightly wounded.
Natasha claws you.
You hit Natasha. You burn Natasha.
Natasha is moderately wounded.
Natasha claws you!
Okay, then.
Casting: Foxfire (safe; 12% risk of failure)
Confirm with . or Enter, or press ? or * to list all spells.
Flames lash Natasha.
Natasha is severely wounded.
Natasha's fire resistance burns away.
Natasha misses you.
You barely miss Natasha.
Natasha is severely wounded.
Natasha stares at you and mumbles some strange words.
The magic dart hits you.
You hit Natasha but do no damage.
Natasha is severely wounded.
Natasha claws you!
* * * LOW HITPOINT WARNING * * *
You barely miss Natasha.
Natasha is severely wounded.
Natasha claws you.
* * * LOW HITPOINT WARNING * * *
The worm bites you but does no damage.
Natasha is no longer more vulnerable to fire.
You see here 9 gold pieces.
You barely miss Natasha.
Natasha is severely wounded.
Natasha barely misses you.
Natasha stares at you and mumbles some strange words.
You resist with significant effort.
You closely miss Natasha.
Natasha is severely wounded.
Natasha barely misses you.
You hit Natasha but do no damage.
Natasha is severely wounded.
Natasha claws you.
You die...
Natasha begins licking her fur clean.

#....# .........$........
#....# ...................
#....# ...................
#....##..........$........
###....##...................
#......##.........†.........
#.....###.........w$........
#..................#(####+#.
#...............@h...##
+....................$#
#..................##.#
........................
######..............#.###
.............###+#...#
############.# .### #.# ..
#.# ##


You could see a worm and Natasha.

Vanquished Creatures
  Natasha (D:2)
  A bat (D:1)
  4 endoplasms
  3 giant cockroaches (D:1)
  2 goblins (D:1)
  3 hobgoblins
  A jackal (D:1)
  A quokka (D:1)
  3 ball pythons
  2 frilled lizards (D:1)
  A kobold (D:1)
  2 rats
24 creatures vanquished.

Vanquished Creatures (others)
  23 foxfires (D:2)
23 creatures vanquished.

Grand Total: 47 creatures vanquished

Notes
Turn   | Place    | Note
-------+----------+-------------------------------------------
     0 | D:1      | rvierbuc the Demonspawn Cinder Acolyte began the quest for
                  | the Orb.
     0 | D:1      | Reached XP level 1. HP: 18/18 MP: 2/2
   210 | D:1      | Gained mutation: You have a pair of small antennae on your
                  | head. [demonic ancestry]
   210 | D:1      | Reached XP level 2. HP: 21/24 MP: 3/3
  1062 | D:2      | Learned a level 2 spell: Scorch
  1064 | D:2      | Learned a level 1 spell: Foxfire
  1065 | D:2      | Noticed Natasha
  1075 | D:2      | Killed Natasha
  1076 | D:2      | Gained mutation: Your demonic aura sometimes causes spilled
                  | blood to erupt in flames. [demonic ancestry]
  1076 | D:2      | Reached XP level 3. HP: 5/29 MP: 1/5
  1217 | D:2      | Noticed Natasha
  1235 | D:2      | Slain by Natasha

Illustrated notes

Levels and vault maps discovered:
D:1:      dpeg_arrival_ternary, layout_loops_ring, minmay_indecisive_spiral
D:2:      layout_basic, uniq_natasha

Skill      XL: |  1  2 |
---------------+-------+-----
Fire Magic     | 3 |  3.1
Polearms       | 3 |  3.1
Fighting       | |  3.4
Spellcasting   | |  1.7

Action                     || total
---------------------------++-------
  Melee: Spear             ||   106
         Punch             ||     2
   Cast: Foxfire           ||     2
         Scorch            ||     1
 Invoke: Foxfire Swarm     ||     1
         Fiery Armour      ||     1
   Stab: Sleeping          ||     1
 Armour: Robe              ||    51
  Dodge: Dodged            ||    40

Table legend: (Time is in decaauts)
 A = Elapsed time spent in this place.
 B = Non-inter-level travel time spent in this place.
 C = Inter-level travel time spent in this place.
 D = Time resting spent in this place.
 E = Time spent auto-exploring this place.
 F = Levels seen in this place.
 G = Mean time per level.
                   A        B        C        D        E       F      G
               +--------+--------+--------+--------+--------+-----+--------+
         Total |   1234 |   1177 |     57 |     87 |    896 |   2 |  617.0 |
       Dungeon |   1234 |   1177 |     57 |     87 |    896 |   2 |  617.0 |
               +--------+--------+--------+--------+--------+-----+--------+

Top non-repeatable levels by time:
     D:1: 921 daAuts
     D:2: 313 daAuts
